 Dungeon Crawl Stone Soup version 0.19.4-9-g45fd643 (webtiles) character file.

13 alexmuadib the Grasshopper (level 2, -6/26 HPs)
             Began as a Naga Warper on Feb 16, 2017.
             Mangled by a worm (7 damage)
             ... on level 1 of the Dungeon.
             The game lasted 00:15:09 (896 turns).

alexmuadib the Grasshopper (Naga Warper)             Turns: 896, Time: 00:15:09

Health: -6/26      AC:  3    Str: 13    XL:     2   Next: 37%
Magic:  5/5        EV:  8    Int: 18    God:
Gold:   0          SH:  0    Dex: 10    Spells: 0 memorised, 5 levels left

rFire  . . .     SeeInvis +     i - +0 whip
rCold  . . .     Gourm    .     k - +0 ring mail
rNeg   . . .     Faith    .     (no shield)
rPois  +         Spirit   .     (no helmet)
rElec  .         Reflect  .     (no cloak)
rCorr  .         Harm     .     (no gloves)
MR     .....                    (no barding)
Stlth  ..........               (no amulet)
                                (no ring)
                                (no ring)

@: brilliant, very slow
A: see invisible, deformed body, poison resistance, slowness 2, slow metabolism
1, spit poison 1, AC +0
a: Spit Poison


You were on level 1 of the Dungeon.
You were full.

You visited 1 branch of the dungeon, and saw 2 of its levels.

Inventory:

Hand Weapons
 a - a +0 short sword
 g - a +0 club
 i - a +0 whip (weapon)
 j - a +0 club
 m - a +0 spear
 n - a cursed -3 club
 o - a cursed -2 short sword
 q - a +0 club
 s - a +0 short sword
Missiles
 l - 10 poisoned needles
 p - 7 stones (quivered)
 r - 7 javelins
Armour
 b - a +1 leather armour
 k - a +0 ring mail (worn)
Scrolls
 d - 2 scrolls of blinking
Potions
 h - a potion of invisibility {unknown}
Books
 c - a book of Spatial Translocations

   Spells                             Type                      Level
   a - Blink                          Translocation                2
   b - Shroud of Golubria             Charms/Translocation         2
   c - Lesser Beckoning               Translocation                3
   d - Portal Projectile              Translocation                3
   e - Teleport Other                 Translocation                3
   f - Passage of Golubria            Translocation                4
Comestibles
 f - 3 bread rations


   Skills:
 + Level 2.2 Fighting
 + Level 2.3 Short Blades
 + Level 0.8 Throwing
 + Level 0.8 Armour
 + Level 1.8 Dodging
 + Level 2.1 Spellcasting
   Level 3.0 Translocations


You had 5 spell levels left.
You didn't know any spells.

Dungeon Overview and Level Annotations

Branches:
Dungeon (2/15)

Altars:


Innate Abilities, Weirdness & Mutations

You cannot wear boots.
Your serpentine skin is tough. (AC +0)
You have supernaturally acute eyesight. (SInv)
Armour fits poorly on your strangely shaped body.
Your system is resistant to poisons. (rPois)
You cover ground very slowly.
You have a slow metabolism.
You can spit poison.


Message History

The worm closely misses you.
You hit the worm.
The worm is heavily wounded.
You hit the worm.
The worm is severely wounded.
The worm bites you!
You hit the worm.
The worm is severely wounded.
The worm bites you.
You hit the worm.
The worm is severely wounded.
You hit the worm but do no damage.
The worm is severely wounded.
The worm bites you!
* * * LOW HITPOINT WARNING * * *
You are too injured to fight recklessly!
It was a potion of brilliance.
You feel clever all of a sudden. The worm bites you!
You die...

#.###.####.#..#.# ##.#.# #.#
..............#.#.##.#.# #.#
#.###.####.#..#.#.##.#.# #.#
#.###.#....#..#.#.# .#.# #.#
#........#.#......##.#.# #.#
#####.#..............#.# #.#
......#.........#....#.# #.#
#######.........#w...#.#######.##
. ..........@...............# ##
##........#.#..#.########## .
...........#..#.# ..
..............#.# ###
.....#.##.#....# ...
.....#.#.....#.#
#########.#..#.#..#....#
....†........#.#..#..#.#
#########.####.#..#..#.#


You could see a worm.

Vanquished Creatures
  A leopard gecko (D:1)
  2 bats (D:1)
  2 hobgoblins (D:1)
  4 kobolds (D:1)
  2 rats (D:1)
11 creatures vanquished.

Notes
Turn   | Place    | Note
-------+----------+-------------------------------------------
     0 | D:1      | alexmuadib the Naga Warper began the quest for the Orb.
     0 | D:1      | Reached XP level 1. HP: 19/19 MP: 3/3
   431 | D:1      | Reached XP level 2. HP: 25/26 MP: 5/5
   895 | D:1      | HP: 1/26 [worm (8)]
   896 | D:1      | Mangled by a worm

Action                   || total
-------------------------++-------
Melee: Spear             ||    14
       Short sword       ||    13
       Whip              ||    26
Throw: Tomahawk          ||     5
  Use: Scroll            ||     1
       Potion            ||     2
  Eat: Bread ration      ||     1
Armor: Ring mail         ||    22
       Leather armour    ||     3
Dodge: Dodged            ||    41
